 Dungeon Crawl Stone Soup version 0.25.0-46-gbd7b0854d2 (webtiles) character file.

Game seed: 1411722057867102653

376 Ethylacetat the Poker (level 6, -3/48 HPs)
             Began as a Demonspawn Gladiator on July 17, 2020.
             Slain by a water moccasin (8 damage)
             ... on level 4 of the Dungeon.
             The game lasted 00:06:58 (3848 turns).

Ethylacetat the Poker (Demonspawn Gladiator)        Turns: 3848, Time: 00:06:59

Health: -3/48      AC:  6    Str: 22    XL:     6   Next: 44%
Magic:  6/6        EV: 13    Int:  9    God:
Gold:   242        SH:  0    Dex: 15    Spells: 5/5 levels left

rFire    . . .     SeeInvis .   a - +0 trident
rCold    . . .     Gourm    .   (no shield)
rNeg     . . .     Faith    .   b - +0 leather armour
rPois    .         Spirit   .   c - +0 helmet
rElec    .         Reflect  .   (no cloak)
rCorr    .         Harm     .   (no gloves)
MR       +....                  (no boots)
Stlth    ++........             (no amulet)
HPRegen  0.16/turn              l - ring of protection from magic
MPRegen  0.10/turn              t - +6 ring of strength

@: lethally poisoned (-3 -> -11)
A: yellow scales 1, nightstalker 1
a: no special abilities


You were on level 4 of the Dungeon.
You were not hungry.

You visited 1 branch of the dungeon, and saw 4 of its levels.
You also visited: Sewer.

You collected 242 gold pieces.

Inventory:

Hand Weapons
 a - a +0 trident (weapon)
Armour
 b - a +0 leather armour (worn)
 c - a +0 helmet (worn)
Jewellery
 l - a ring of protection from magic (left hand)
 t - a +6 ring of strength (right hand)
Wands
 r - a wand of clouds (3)
Scrolls
 e - 2 scrolls of random uselessness {unknown}
 g - 2 scrolls of fog {unknown}
 h - 11 scrolls of identify {unknown}
 j - 2 scrolls of enchant armour {unknown}
 n - 3 scrolls of amnesia {unknown}
 p - 3 scrolls of remove curse {unknown}
 x - 2 scrolls of fear {unknown}
 y - a scroll of teleportation {unknown}
Potions
 i - a potion of might {unknown}
 k - a potion of ambrosia {unknown}
 m - a potion of haste {unknown}
 o - 2 potions of heal wounds {unknown}
 q - a potion of magic {unknown}
 s - 4 potions of stabbing {unknown}
 u - a potion of curing {unknown}
 v - a potion of mutation {unknown}
 w - a potion of degeneration {unknown}
 A - 2 potions of lignification {unknown}
Comestibles
 f - 13 rations
 z - a chunk of flesh


   Skills:
 + Level 4.1 Fighting
 * Level 5.5 Polearms
 - Level 2.0 Throwing
 - Level 3.0 Dodging


You had 5 spell levels left.
You didn't know any spells.
Your spell library was empty.

Dungeon Overview and Level Annotations

Branches:
Dungeon (4/15)              Sewer (visited)
 Temple: D:4-7

Altars:
Elyvilon
Gozag
Uskayaw
Vehumet
Yredelemnul
The Shining One


Innate Abilities, Weirdness & Mutations

You are partially covered in yellow scales. (AC +2)
You are slightly more attuned to the shadows.


Message History

You feel sick.
The water moccasin closely misses you. x2
Throwing (i - inventory)
d - 2 throwing nets (quivered)
Press: ? - help, Shift-Dir - straight line, f/p - water moccasin
Aim: a water moccasin (almost dead)
You throw a throwing net.
The throwing net misses the water moccasin.
* * * LOW HITPOINT WARNING * * *
You feel sick. The water moccasin bites you.
* * * LOW HITPOINT WARNING * * *
Throwing (i - inventory)
d - a throwing net (quivered)
Press: ? - help, Shift-Dir - straight line, f/p - water moccasin
Aim: a water moccasin (almost dead)
You throw a throwing net.
The throwing net barely misses the water moccasin.
The water moccasin closely misses you.
You closely miss the water moccasin.
The water moccasin is almost dead.
* * * LOW HITPOINT WARNING * * *
You feel sick. The water moccasin bites you!
You die...

#≈#######≈#....#.....
##≈≈≈≈≈≈≈##....#.....
.#########.....'.....
#...(##........#.....
.##....################
......#...............
#....#...............
#...S#............... ..
#...@#...............
...#....'...............
...######...............
........................
........)#########'#####
#......#...|........#.
#......#............#.
#......#............#.
#......#............#.


You could see a water moccasin.

Vanquished Creatures
  Purgy (Sewer)
  An ogre (D:4)
  An orc priest (D:3)
  Ijyb (D:3)
  5 adders
  An ooze (D:2)
  5 worms
  2 dart slugs
  5 orcs (D:3)
  11 bats
  8 giant cockroaches
  2 goblins (D:3)
  7 hobgoblins
  10 kobolds
  A quokka (D:4)
  3 ball pythons
  3 frilled lizards
  A quokka skeleton (D:4)
  7 rats
  A spectral orc (D:3)
76 creatures vanquished.

Notes
Turn   | Place    | Note
-------+----------+-------------------------------------------
     0 | D:1      | Ethylacetat the Demonspawn Gladiator began the quest for
                  | the Orb.
     0 | D:1      | Reached XP level 1. HP: 16/16 MP: 1/1
   309 | D:1      | Reached skill level 3 in Polearms
   309 | D:1      | Gained mutation: You are slightly more attuned to the
                  | shadows. [demonic ancestry]
   309 | D:1      | Reached XP level 2. HP: 22/22 MP: 2/2
   589 | D:2      | Reached XP level 3. HP: 27/27 MP: 3/3
   732 | D:2      | Found a white marble altar of Elyvilon.
  1093 | D:2      | Found an opulent altar of Gozag.
  1314 | D:3      | Found a basalt altar of Yredelemnul.
  1385 | D:3      | Reached XP level 4. HP: 34/34 MP: 4/4
  1489 | D:3      | Found a glowing golden altar of the Shining One.
  1489 | D:3      | Found a radiant altar of Vehumet.
  1490 | D:3      | Found a hide-covered altar of Uskayaw.
  1652 | D:3      | Reached skill level 4 in Polearms
  1672 | D:3      | Noticed Ijyb
  1689 | D:3      | Killed Ijyb
  2231 | D:3      | Reached XP level 5. HP: 35/41 MP: 5/5
  2938 | D:4      | Found a glowing drain.
  2942 | Sewer    | Entered a sewer
  3054 | Sewer    | Noticed Purgy
  3065 | Sewer    | Killed Purgy
  3065 | Sewer    | Reached skill level 5 in Polearms
  3065 | Sewer    | Gained mutation: You are partially covered in yellow
                  | scales. (AC +2) [demonic ancestry]
  3065 | Sewer    | Reached XP level 6. HP: 19/48 MP: 6/6
  3678 | D:4      | Noticed a water moccasin
  3848 | D:4      | Slain by a water moccasin

Illustrated notes

Levels and vault maps discovered:
D:1:      dpeg_arrival_tiny_a, layout_rooms, hangedman_decor_slide_cut
D:2:      layout_rooms, grunt_gozag_breadcrumbs, overflow_temple_1_default,
          first_ration, grunt_decor_one_mirror, corner_web_ring,
          nrook_loot_triangle, chequers_serial_rivers_micro_b
D:3:      layout_basic, yredelemnul_forgotten_temple_becter,
          gammafunk_temple_overflow_forgotten, uniq_ijyb
D:4:      layout_gridville, gup_sewer_entry_spiral

Skill      XL: |  1  2  3  4  5  6 |
---------------+-------------------+-----
Polearms       | 3 4 5 |  5.5
Throwing       | 2 |  2.0
Dodging        | 3 |  3.0
Fighting       | 3 4 |  4.1

Action                   |  1- 3 |  4- 6 || total
-------------------------+-------+-------++-------
Melee: Trident           |   108 |   144 ||   252
Throw: Throwing net      |       |     5 ||     5
 Stab: Sleeping          |     6 |    12 ||    18
  Eat: Chunk             |     2 |     8 ||    10
Armor: Leather armour    |    23 |    16 ||    39
Dodge: Dodged            |    53 |    66 ||   119
